 Dungeon Crawl Stone Soup version 0.20-b1-18-gaa2fd62 (webtiles) character file.

792 MTVSty1e the Skirmisher (level 7, 0/66 HPs)
             Began as a Minotaur Fighter on May 24, 2017.
             Was a Follower of Okawaru.
             Slain by Pikel
             ... wielding a +2 whip of electrocution
              (1 damage)
             ... while paralysed by Pikel
             ... on level 5 of the Dungeon.
             The game lasted 00:06:14 (3439 turns).

MTVSty1e the Skirmisher (Minotaur Fighter)          Turns: 3439, Time: 00:06:15

Health: 0/66       AC:  7    Str: 23    XL:     7   Next: 57%
Magic:  6/7        EV:  2    Int:  5    God:    Okawaru [*.....]
Gold:   165        SH:  0    Dex:  9    Spells: 6/6 levels left

rFire    . . .     SeeInvis .   g - +2 war axe (elec)
rCold    . . .     Gourm    .   c - +1 shield
rNeg     . . .     Faith    .   b - +0 scale mail
rPois    .         Spirit   .   (helmet restricted)
rElec    .         Reflect  .   (no cloak)
rCorr    .         Harm     .   (no gloves)
MR       .....                  (no boots)
Stlth    ..........             (no amulet)
Regen    0.3/turn               (no ring)
MPRegen  0.1/turn               (no ring)

@: paralysed
A: retaliatory headbutt, horns 2
a: Heroism, Renounce Religion


You were on level 5 of the Dungeon.
You worshipped Okawaru.
Okawaru was aware of your devotion.
You were not hungry.

You visited 2 branches of the dungeon, and saw 6 of its levels.

You collected 165 gold pieces.

Inventory:

Hand Weapons
 d - a +3 war axe
 g - a +2 war axe of electrocution (weapon)
Armour
 b - a +0 scale mail (worn)
 c - a +1 shield (worn)
Wands
 a - a wand of digging (15/24)
Scrolls
 j - 2 scrolls of remove curse
 m - a scroll of enchant weapon {unknown}
Potions
 e - a potion of flight {unknown}
 i - a potion of curing {unknown}
 k - a potion of heal wounds {unknown}
Comestibles
 f - 4 bread rations
 l - a fruit


   Skills:
 * Level 7.2 Fighting
 * Level 5.3 Axes
 + Level 5.6 Armour
 + Level 5.6 Shields
 + Level 1.4 Invocations


You had 6 spell levels left.
You didn't know any spells.

Dungeon Overview and Level Annotations

Branches:
Dungeon (5/15)             Temple (1/1) D:4

Altars:
Cheibriados
Dithmenos
Makhleb
Okawaru
Sif Muna
Trog
Uskayaw
Xom
The Shining One

Annotations:
D:5 Pikel


Innate Abilities, Weirdness & Mutations

You reflexively headbutt those who attack you in melee.
You have a pair of horns on your head.


Message History

Unknown command.
You barely miss Pikel.
Your shield and scale mail prevent you from hitting the slave.
Pikel hits you with a whip of electrocution.
You are electrocuted!
* * * LOW HITPOINT WARNING * * *
The slave hits you.
* * * LOW HITPOINT WARNING * * *
Pikel hits you but does no damage.
You slash Pikel! Your headbutt misses Pikel.
Pikel is moderately wounded.
You barely miss the slave. The slave hits you.
* * * LOW HITPOINT WARNING * * *
Pikel zaps a wand.
You suddenly lose the ability to move!
The slave hits you but does no damage.
Pikel zaps a wand.
You resist with some effort. The slave hits you!
* * * LOW HITPOINT WARNING * * *
Pikel hits you with a whip of electrocution.
You die...

##........#≈.≈.#..≈#
<....)....#≈≈≈≈.≈≈≈#
##.####...##≈≈..≈≈##
# #.# #....##≈≈≈≈##
.### #..
#.....#######.....
###.
#####.............
.# ######.###..( #
#.# #@## #Kp## ##pp#
##p.# ##.... ......
....... .......
####...


You could see Pikel and 4 slaves.

Vanquished Creatures
  An ice beast (D:5)
  An ogre (D:5)
  A phantom (D:4)
  Blork the orc (D:5)
  A scorpion (D:4)
  2 hounds
  2 orc priests
  A centaur skeleton (D:4)
  2 worker ants (D:4)
  2 orc wizards (D:3)
  2 adders
  An ooze (D:3)
  3 worms
  6 dart slugs
  5 leopard geckos
  18 orcs
  9 bats
  5 giant cockroaches
  5 goblins
  5 hobgoblins
  6 jackals
  2 quokkas (D:2)
  2 frilled lizards
  7 kobolds
  2 rats (D:2)
92 creatures vanquished.

Vanquished Creatures (others)
  The ghost of feelmyfire the Vexing, a novice VSEn of Ashenzari (D:5)
  A worker ant (D:5)
2 creatures vanquished.

Grand Total: 94 creatures vanquished

Notes
Turn   | Place    | Note
-------+----------+-------------------------------------------
     0 | D:1      | MTVSty1e the Minotaur Fighter began the quest for the Orb.
     0 | D:1      | Reached XP level 1. HP: 19/19 MP: 0/0
   128 | D:1      | Reached XP level 2. HP: 27/27 MP: 1/1
   428 | D:1      | Reached skill level 4 in Fighting
   668 | D:2      | Reached XP level 3. HP: 33/33 MP: 2/2
   736 | D:2      | Found a shimmering altar of Xom.
   883 | D:2      | Found a bloodstained altar of Trog.
  1145 | D:2      | Reached XP level 4. HP: 35/41 MP: 3/3
  1167 | D:2      | Found a glowing golden altar of the Shining One.
  1415 | D:3      | Found a deep blue altar of Sif Muna.
  1419 | D:3      | Reached skill level 5 in Fighting
  1614 | D:3      | Reached XP level 5. HP: 33/48 MP: 4/4
  1919 | D:4      | Found a staircase to the Ecumenical Temple.
  1926 | Temple   | Entered the Ecumenical Temple
  1936 | Temple   | Became a worshipper of Warmaster Okawaru
  1957 | D:4      | Reached XP level 6. HP: 55/57 MP: 5/5
  1984 | D:4      | Reached skill level 6 in Fighting
  1984 | D:4      | Reached skill level 5 in Armour
  1998 | D:4      | Reached skill level 5 in Shields
  2045 | D:4      | Found a shadowy altar of Dithmenos.
  2750 | D:5      | Entered Level 5 of the Dungeon
  2750 | D:5      | Noticed Blork the orc
  2756 | D:5      | Killed feelmyfire's ghost
  2759 | D:5      | Killed Blork the orc
  2759 | D:5      | Reached * piety under Okawaru
  2759 | D:5      | Reached XP level 7. HP: 33/64 MP: 6/6
  3139 | D:5      | Reached skill level 1 in Invocations
  3141 | D:5      | Reached skill level 7 in Fighting
  3141 | D:5      | Reached skill level 5 in Axes
  3422 | D:5      | Noticed Pikel
  3425 | D:5      | Paralysed by Pikel for 5 turns
  3437 | D:5      | Paralysed by Pikel for 7 turns
  3439 | D:5      | HP: 1/66 [slave[Pikel] (8)]
  3439 | D:5      | Slain by Pikel

Skill      XL: |  1  2  3  4  5  6  7 |
---------------+----------------------+-----
Fighting       | 4 5 6 7 |  7.2
Armour         | 4 5 |  5.6
Axes           | 3 4 5 |  5.3
Shields        | 4 5 |  5.6
Invocations    | 1 |  1.4

Action                   |  1- 3 |  4- 6 |  7- 9 || total
-------------------------+-------+-------+-------++-------
Melee: War axe           |   114 |   110 |    15 ||   239
       Headbutt          |    12 |    15 |     4 ||    31
  Use: Potion            |       |     1 |       ||     1
       Scroll            |       |     3 |       ||     3
  Eat: Meat ration       |     1 |     1 |       ||     2
Armor: Scale mail        |    49 |    55 |     6 ||   110
Dodge: Dodged            |    31 |    26 |     7 ||    64
Block: Shield            |    67 |    72 |     9 ||   148
